 Dungeon Crawl Stone Soup version 0.27-a0-1291-geefcff550b (webtiles) character file.

Game seed: 11866581247175126185

88 lmSkywalker the Skirmisher (level 4, 0/39 HPs)
             Began as a Palentonga Fighter on June 15, 2021.
             Slain by a gnoll (3 damage)
             ... on level 3 of the Dungeon.
             The game lasted 00:06:33 (1626 turns).

lmSkywalker the Skirmisher (Palentonga Fighter)     Turns: 1626, Time: 00:06:34

Health: 0/39       AC:  8    Str: 20    XL:     4   Next: 30%
Magic:  4/4        EV:  3    Int:  9    God:
Gold:   79         SH:  8    Dex:  9    Spells: 3/3 levels left

rFire    . . .     SeeInvis +   a - +0 flail
rCold    . . .     Faith    .   c - +0 kite shield
rNeg     . . .     Spirit   .   m - +0 chain mail
rPois    .         Reflect  .   (no helmet)
rElec    .         Harm     .   (no cloak)
rCorr    .         Rampage  .   (no gloves)
Will     .....                  (no barding)
Stlth    ..........             (no amulet)
HPRegen  0.13/turn              (no ring)
MPRegen  0.09/turn              (no ring)

@: no status effects
A: large, rugged brown scales 3, see invisible, deformed body, roll 1, armoured
tail
a: Rolling Charge


You were on level 3 of the Dungeon.
You visited 1 branch of the dungeon, and saw 3 of its levels.

You collected 79 gold pieces.

Inventory:

Hand Weapons
 a - a +0 flail (weapon)
Armour
 b - a +0 scale mail
 c - a +0 kite shield (worn)
 m - a +0 chain mail (worn)
Jewellery
 e - a ring of see invisible
Scrolls
 f - a scroll of brand weapon {unknown}
 g - a scroll of torment {unknown}
 h - a scroll of fog {unknown}
 i - 2 scrolls of identify {unknown}
 k - a scroll of holy word {unknown}
 n - a scroll of immolation {unknown}
Potions
 d - a potion of might
 j - a potion of mutation {unknown}
 l - a potion of heal wounds {unknown}


   Skills:
 * Level 3.9 Fighting
 * Level 3.0 Maces & Flails
 + Level 2.8 Armour
 + Level 2.7 Shields


You had 3 spell levels left.
You didn't know any spells.
Your spell library was empty.

Dungeon Overview and Level Annotations

Branches:
Dungeon (3/15)

Altars:


Innate Abilities, Weirdness & Mutations

You are completely covered in rugged brown scales. (AC +3, +7% HP)
You have supernaturally acute eyesight. (SInv)
Armour fits poorly on your strangely shaped body.
You can roll at nearby foes to attack.
You have a long armoured tail.


Message History

Press: ? - help, Dir - move target, f - gnoll
Aim: a gnoll, wielding a +0 club You roll forward with a clatter of scales!
You sock the gnoll! You tail-slap the gnoll.
You kill the gnoll!
You hear a shout!
You sock the gnoll!
The gnoll is almost dead.
You block the gnoll's attack.
A gnoll comes into view. It is wielding a +0 flail.
You block the gnoll's attack. There's nothing you can charge at!
The gnoll barely misses you.
Roll where?
Press: ? - help, Dir - move target, f - gnoll
Aim: a gnoll, wielding a +0 flail You roll forward with a clatter of scales!
Your chain mail prevents you from hitting the gnoll.
You tail-slap the gnoll!
The gnoll is severely wounded.
The gnoll hits you with a +0 flail! You block the gnoll's attack.
You barely miss the gnoll.
Your tail-slap misses the gnoll.
The gnoll is almost dead.
The gnoll hits you with a +0 flail. You block the gnoll's attack.
The gnoll hits you with a +0 flail! The gnoll hits you with a +0 club.
You hit the gnoll but do no damage.
The gnoll is almost dead.
You block the gnoll's attack. The gnoll barely misses you. x2
You hit the gnoll but do no damage.
The gnoll is almost dead.
The gnoll hits you with a +0 club!
* * * LOW HITPOINT WARNING * * *
The gnoll hits you with a +0 flail.
* * * LOW HITPOINT WARNING * * *
The gnoll hits you with a +0 club.
* * * LOW HITPOINT WARNING * * *
You barely miss the gnoll.
The gnoll is almost dead.
You block the gnoll's attack. The gnoll hits you with a +0 club.
You die...

### ..# ... #.# ##.## ...
#...# #.# #...# ######g#
#...# #.....@# #...#
###....g.### #...# ##
...........# #<..# ..
..#...>.##.#######..$##.#
...#..#..##..†..).........
.......$..................
...##...###......†........
. #...# #.#####.#....#..
.........# #.#....###


You could see 2 gnolls.

Vanquished Creatures
  Natasha (D:2)
  A gnoll (D:3)
  An adder (D:2)
  2 dart slugs
  4 bats (D:1)
  5 endoplasms
  4 giant cockroaches
  4 goblins
  2 kobolds (D:1)
  8 ball pythons
  3 frilled lizards
  7 rats
42 creatures vanquished.

Notes
Turn   | Place    | Note
-------+----------+-------------------------------------------
     0 | D:1      | lmSkywalker the Palentonga Fighter began the quest for the
                  | Orb.
     0 | D:1      | Reached XP level 1. HP: 19/19 MP: 1/1
   150 | D:1      | Reached XP level 2. HP: 22/25 MP: 2/2
   573 | D:1      | Reached XP level 3. HP: 31/31 MP: 3/3
  1048 | D:2      | Noticed Natasha
  1056 | D:2      | Killed Natasha
  1177 | D:2      | Reached XP level 4. HP: 15/39 MP: 4/4
  1626 | D:3      | Slain by a gnoll

Illustrated notes

Levels and vault maps discovered:
D:1:      dpeg_arrival_prison, layout_loops_ring
D:2:      layout_basic, uniq_natasha
D:3:      layout_loops_cross, gup_sewer_entry_spiral, skrybe_limestone_x,
          uniq_ijyb, uniq_terence

Skill      XL: |  1  2  3 |
---------------+----------+-----
Maces & Flails | 3 |  3.0
Fighting       | |  3.9
Armour         | |  2.8
Shields        | |  2.7

Action                   |  1- 3 |  4- 6 || total
-------------------------+-------+-------++-------
Melee: Flail             |   101 |    17 ||   118
       Tailslap          |     9 |     2 ||    11
 Abil: Rolling Charge    |    23 |     6 ||    29
Armor: Scale mail        |    39 |       ||    39
       Chain mail        |     6 |     7 ||    13
Dodge: Dodged            |    26 |     4 ||    30
Block: Kite shield       |    43 |     8 ||    51

Table legend: (Time is in decaauts)
 A = Elapsed time spent in this place.
 B = Non-inter-level travel time spent in this place.
 C = Inter-level travel time spent in this place.
 D = Time resting spent in this place.
 E = Time spent auto-exploring this place.
 F = Levels seen in this place.
 G = Mean time per level.
                   A        B        C        D        E       F      G
               +--------+--------+--------+--------+--------+-----+--------+
         Total |   1682 |   1621 |     61 |      0 |   1250 |   3 |  560.7 |
       Dungeon |   1682 |   1621 |     61 |      0 |   1250 |   3 |  560.7 |
               +--------+--------+--------+--------+--------+-----+--------+

Top non-repeatable levels by time:
     D:1: 855 daAuts
     D:2: 783 daAuts
     D:3: 43 daAuts
